 Dungeon Crawl Stone Soup version 0.23.0-28-g6fe0f4d (webtiles) character file.

Game seed: 10849565835544902065

758 Kairos the Chopper (level 8, -5/61 HPs)
             Began as a Formicid Abyssal Knight on Feb 25, 2019.
             Was a Believer of Lugonu.
             Splashed by Ijyb's acid (17 damage)
             ... on level 5 of the Dungeon.
             The game lasted 00:05:16 (4028 turns).

Kairos the Chopper (Formicid Abyssal Knight)        Turns: 4028, Time: 00:05:17

Health: -5/61      AC:  7    Str: 18    XL:     8   Next: 7%
Magic:  9/9        EV: 10    Int: 13    God:    Lugonu [**....]
Gold:   309        SH:  4    Dex: 10    Spells: 7/7 levels left

rFire    . . .     SeeInvis +   a - +3 hand axe
rCold    . . .     Gourm    .   (no shield)
rNeg     . . .     Faith    .   h - +0 scale mail
rPois    .         Spirit   .   (helmet unavailable)
rElec    .         Reflect  +   (no cloak)
rCorr    .         Harm     .   (no gloves)
MR       .....                  (no boots)
Stlth    ..........             d - +4 amulet of reflection
HPRegen  0.20/turn              (no ring)
MPRegen  0.11/turn              (no ring)

@: no status effects
A: permanent stasis, dig shafts and tunnels, four strong arms, antennae 3
a: Dig, Shaft Self, Depart the Abyss, Bend Space, Renounce Religion


You were on level 5 of the Dungeon.
You worshipped Lugonu.
Lugonu was pleased with you.
You were very hungry.

You visited 1 branch of the dungeon, and saw 5 of its levels.
You visited the Abyss 1 time.

You collected 309 gold pieces.

Inventory:

Hand Weapons
 a - a +3 hand axe (weapon)
Missiles
 m - 3 tomahawks (quivered)
Armour
 b - a +0 leather armour
 h - a +0 scale mail (worn)
Jewellery
 d - a +4 amulet of reflection (around neck)
 f - an uncursed ring of fire {unknown}
Wands
 j - a wand of random effects (21)
Scrolls
 e - a scroll of fear
 k - 3 scrolls of amnesia
 n - a scroll of magic mapping
 o - a scroll of remove curse
 p - a scroll of immolation {unknown}
Potions
 g - 2 potions of curing
 l - a potion of magic {unknown}
 q - a potion of agility {unknown}
 r - 2 potions of ambrosia {unknown}
Comestibles
 c - 11 rations


   Skills:
 + Level 4.8 Fighting
 + Level 6.1 Axes
 + Level 4.9 Armour
 + Level 1.9 Dodging
 + Level 1.7 Stealth
 + Level 2.4 Invocations


You had 7 spell levels left.
You didn't know any spells.
Your spell library was empty.

Dungeon Overview and Level Annotations

Branches:
Dungeon (5/15)             Temple (0/1) D:4

Altars:
Dithmenos
Yredelemnul
The Shining One
Beogh

Annotations:
D:5 Ijyb


Innate Abilities, Weirdness & Mutations

You cannot be hasted, slowed, berserked, paralysed or teleported.
You can dig through walls and to a lower floor.
Your four strong arms can wield two-handed weapons with a shield.
You have a pair of large antennae on your head. (SInv)


Message History

You slash the sky beast!
You kill the sky beast!
Lugonu accepts your kill.
Your Axes skill increases to level 6!
You have reached level 8!
You feel clever.
You hit Ijyb.
Ijyb zaps a wand.
The bolt of acid hits you!
You are splashed with acid!
You are too injured to fight recklessly!
Unknown command.
You are too injured to fight recklessly!
You are too injured to fight recklessly!
You slash Ijyb!
Ijyb is severely wounded.
You closely miss Ijyb.
Ijyb is severely wounded.
Ijyb zaps a wand.
The bolt of acid hits you!
* * * LOW HITPOINT WARNING * * *
You are splashed with acid!
You die...

#....#..##..####
#......#...##.#
#......#....### .
.......###...# ## ..
#..(... #..#.##.##...
.......###.#.........
.....................
...............
.......@.....[.
......)g).....#
#.............##
...........###
.#.........#
#..........
.......##..^. ....##.
.....


You could see Ijyb.

Vanquished Creatures
  An ice beast (D:3)
  A sky beast (D:5)
  A phantom (D:4)
  2 hounds (D:4)
  A jelly (D:5)
  2 orc priests
  3 orc wizards (D:4)
  2 iguanas (D:4)
  3 worker ants (D:4)
  Robin (D:2)
  2 adders
  A white imp (Abyss:1)
  An ooze (D:2)
  An adder zombie (D:5)
  A worm (D:2)
  A dart slug (D:1)
  2 leopard geckos (D:2)
  9 orcs
  3 giant cockroaches
  14 goblins
  8 hobgoblins
  2 jackals (D:4)
  A quokka (D:4)
  A ball python (D:4)
  9 bats
  3 frilled lizards
  4 kobolds
  3 rats
83 creatures vanquished.

Notes
Turn   | Place    | Note
-------+----------+-------------------------------------------
     0 | Abyss:1  | Kairos the Formicid Abyssal Knight began the quest for the
                  | Orb.
     0 | Abyss:1  | Reached XP level 1. HP: 18/18 MP: 2/2
    83 | Abyss:1  | Reached XP level 2. HP: 3/25 MP: 3/3
   106 | Abyss:1  | Noticed a sixfirhy
   155 | Abyss:1  | Noticed a raiju
   157 | D:1      | Escaped the Abyss
   720 | D:1      | Reached * piety under Lugonu
  1022 | D:1      | Reached XP level 3. HP: 30/30 MP: 4/4
  1294 | D:2      | Noticed Robin
  1305 | D:2      | Killed Robin
  1305 | D:2      | Reached XP level 4. HP: 32/37 MP: 5/5
  1479 | D:2      | Reached skill level 3 in Axes
  1826 | D:2      | Found a shadowy altar of Dithmenos.
  1827 | D:2      | Found a glowing golden altar of the Shining One.
  1949 | D:3      | Noticed an ice beast
  1976 | D:3      | Killed an ice beast
  1976 | D:3      | Reached skill level 4 in Axes
  1976 | D:3      | Reached skill level 1 in Dodging
  1976 | D:3      | Reached XP level 5. HP: 9/42 MP: 6/6
  2311 | D:3      | Reached ** piety under Lugonu
  2318 | D:3      | Found a basalt altar of Yredelemnul.
  2337 | D:3      | Reached skill level 1 in Stealth
  2558 | D:3      | Reached XP level 6. HP: 48/48 MP: 7/7
  2706 | D:4      | Found a staircase to the Ecumenical Temple.
  2922 | D:4      | Found a roughly hewn altar of Beogh.
  2922 | D:4      | Noticed a phantom
  2974 | D:4      | Killed a phantom
  2974 | D:4      | Reached skill level 5 in Axes
  2974 | D:4      | Reached XP level 7. HP: 22/55 MP: 8/8
  3961 | D:5      | Entered Level 5 of the Dungeon
  4016 | D:5      | Noticed Ijyb
  4026 | D:5      | Reached skill level 6 in Axes
  4026 | D:5      | Reached XP level 8. HP: 48/61 MP: 9/9
  4028 | D:5      | Splashed by Ijyb's acid

Skill      XL: |  1  2  3  4  5  6  7 |
---------------+----------------------+-----
Fighting       | 4 |  4.8
Axes           | 4 5 6 |  6.1
Armour         | 3 4 |  4.9
Dodging        | 1 |  1.9
Stealth        | 1 |  1.7
Invocations    | |  2.4

Action                   |  1- 3 |  4- 6 |  7- 9 || total
-------------------------+-------+-------+-------++-------
Melee: Hand axe          |    70 |   154 |    73 ||   297
Invok: Depart the Abyss  |     1 |       |       ||     1
  Use: Scroll            |       |     7 |     2 ||     9
       Potion            |       |     2 |       ||     2
  Eat: Chunk             |     1 |     6 |     2 ||     9
Armor: Leather armour    |     8 |       |       ||     8
       Scale mail        |    12 |    56 |    19 ||    87
       Skin              |       |    15 |       ||    15
Dodge: Dodged            |    39 |    57 |    31 ||   127
Block: Other             |     6 |    31 |    12 ||    49
       Reflection        |       |     2 |       ||     2
